 Dungeon Crawl Stone Soup version 0.26.1-11-gd32895ea62 (webtiles) character file.

Game seed: 1921786033713169882

6363 GenialerGandalf the Cleaver (level 10, 0/92 HPs)
             Began as a Hill Orc Fighter on Apr 19, 2021.
             Was a Priest of Beogh.
             Slain by a death yak (22 damage)
             ... on level 8 of the Dungeon.
             The game lasted 00:34:25 (7959 turns).

GenialerGandalf the Cleaver (Hill Orc Fighter)      Turns: 7959, Time: 00:34:25

Health: 0/92       AC: 16    Str: 23    XL:     10   Next: 97%
Magic:  10/10      EV:  6    Int:  8    God:    Beogh [***...]
Gold:   482        SH: 11    Dex: 10    Spells: 9/9 levels left

rFire    . . .     SeeInvis +   a - +3 war axe
rCold    . . .     Faith    .   c - +0 kite shield
rNeg     . . .     Spirit   .   J - +0 plate armour
rPois    .         Reflect  .   w - +0 helmet
rElec    .         Harm     .   N - +0 cloak
rCorr    .         Rampage  .   (no gloves)
Will     .....                  (no boots)
Stlth    ..........             i - amulet of regeneration
HPRegen  0.65/turn              h - ring of see invisible
MPRegen  0.12/turn              O - ring of stealth

@: no status effects
A: no striking features
a: Renounce Religion, Smiting


You were on level 8 of the Dungeon.
You worshipped Beogh.
Beogh was most pleased with you.
You visited 2 branches of the dungeon, and saw 10 of its levels.

You collected 482 gold pieces.

Inventory:

Hand Weapons
 a - a +3 war axe (weapon)
 B - the +1 trident "Mimag" {vorpal, +Inv Will+ Int+4}
   (You found it on level 5 of the Dungeon)

   It inflicts extra damage upon your enemies.
   It affects your intelligence (+4).
   It affects your willpower, your defense against some magical effects.
   It lets you turn invisible.
 D - a +3 long sword
Missiles
 o - 22 poisoned darts (quivered)
 r - 5 silver boomerangs
Armour
 c - a +0 kite shield (worn)
 e - a +0 chain mail
 w - a +0 helmet (worn)
 J - a +0 plate armour (worn)
 N - a +0 cloak (worn)
Jewellery
 h - a ring of see invisible (left hand)
 i - an amulet of regeneration (around neck)
 E - an uncursed ring of magical power
 G - an uncursed ring of positive energy
 O - a ring of stealth (right hand)
Wands
 z - a wand of polymorph (4)
 C - a wand of disintegration (12)
 F - a wand of digging (4)
 M - a wand of acid (9)
Scrolls
 g - 4 scrolls of teleportation
 p - a scroll of immolation
 s - a scroll of amnesia {unknown}
 t - a scroll of fear {unknown}
 u - 2 scrolls of blinking
 x - a scroll of magic mapping
 y - 4 scrolls of remove curse
 H - a scroll of random uselessness {unknown}
 K - a scroll of summoning {unknown}
 L - a scroll of enchant armour {unknown}
 P - a scroll of acquirement {unknown}
 Q - a scroll of brand weapon {unknown}
Potions
 b - a potion of invisibility {unknown}
 d - a potion of might
 f - 5 potions of curing
 j - a potion of flight {unknown}
 k - a potion of mutation {unknown}
 l - a potion of brilliance {unknown}
 m - a potion of cancellation {unknown}
 n - 2 potions of attraction
 q - a potion of magic {unknown}
 v - a potion of heal wounds
 A - 3 potions of ambrosia


   Skills:
 + Level 9.6 Fighting
 + Level 13.4 Axes
 + Level 8.1 Armour
 + Level 1.9 Dodging
 + Level 1.2 Stealth
 + Level 7.8 Shields


You had 9 spell levels left.
You didn't know any spells.
Your spell library contained the following spells:

 Spells                   Type           Power        Failure   Level
 Corona                   Hex            0%           100%        1
 Blink                    Tloc           N/A          100%        2
 Ensorcelled Hibernation  Hex/Ice        0%           100%        2
 Confusing Touch          Hex            0%           100%        3
 Conjure Flame            Conj/Fire      0%           100%        3
 Dazzling Flash           Conj/Hex       0%           100%        3
 Gell's Gravitas          Tloc           0%           100%        3
 Tukima's Dance           Hex            0%           100%        3
 Petrify                  Tmut/Erth      0%           100%        4
 Bolt of Magma            Conj/Fire/Erth 0%           100%        5
 Metabolic Englaciation   Hex/Ice        0%           100%        5
 Yara's Violent Unravell  Hex/Tmut       0%           100%        5
 Starburst                Conj/Fire      0%           100%        6


Dungeon Overview and Level Annotations

Branches:
Dungeon (9/15)             Temple (1/1) D:6
   Lair: D:8-11         Orc: D:9-12

Altars:
Ashenzari
Cheibriados
Dithmenos
Elyvilon
Fedhas
Gozag
Hepliaklqana
Kikubaaqudgha
Okawaru
Qazlal
Ru
Sif Muna
Trog
Uskayaw
Vehumet
Wu Jian
Xom
Yredelemnul
Zin

Shops:
D:4 (

Annotations:
D:6 2 runed translucent doors, Hank's ghost, novice MiCK
D:7 2 runed translucent doors, lasso's ghost, novice OpBr


Message History

You hit the death yak.
The death yak gores you but does no damage.
The death yak gores you.
You hit the death yak.
The death yak is severely wounded.
You slash the death yak! The death yak gores you.
You slash the death yak!
The death yak is severely wounded.
You barely miss the death yak. The death yak gores you.
You block the death yak's attack.
You hit the death yak.
The death yak is severely wounded.
You hit the death yak. You block the death yak's attack.
The death yak barely misses you.
You slash the death yak!
The death yak is almost dead.
You slash the death yak! The death yak gores you!
* * * LOW HITPOINT WARNING * * *
The death yak gores you!!
You die...

###### #....# ####### #....#
#.....# #....# ######## #.....#
#....# #......#######.....#
#####....# #..................#
.........# #...Y........#.....#
.####....# #...@Y.......###.###
..###....####..[.)....<........##
.........................##......
.####....###..#..##......##....##
.###.....##..##.###......##....##
.........#..###.#######.###....##
...##......## #....# #.........##
.........######....###..##.....##
..##.........##.........#......#.


You could see 2 death yaks.

Vanquished Creatures
  2 death yaks (D:9)
  Pikel (D:6)
  Grinder (D:3)
  14 yaks
  A water moccasin (D:8)
  2 ice beasts
  3 sky beasts
  A phantom (D:9)
  3 ogres
  2 centaurs
  4 lemures (D:6)
  A bullfrog (D:6)
  A big kobold (D:6)
  2 scorpions
  A water moccasin skeleton (D:6)
  3 wights (D:8)
  4 howler monkeys
  2 centaur zombies (D:8)
  A hound (D:8)
  4 orc priests
  A jelly (D:9)
  5 orc wizards
  An iguana (D:8)
  3 worker ants
  A hound skeleton (D:4)
  A howler monkey zombie (D:5)
  2 worker ant zombies
  13 adders
  2 shadow imps
  3 white imps
  An ufetubus (D:6)
  2 adder skeletons
  3 worms
  A dart slug (D:2)
  5 leopard geckos
  22 orcs
  12 giant cockroaches
  6 goblins
  5 hobgoblins
  7 jackals
  A quokka (D:2)
  2 ball pythons
  A ball python skeleton (D:5)
  12 bats
  4 frilled lizards
  A jackal zombie (D:6)
  14 kobolds
  A leopard gecko zombie (D:5)
  2 quokka skeletons
  11 rats
198 creatures vanquished.

Vanquished Creatures (others)
  An orc (D:4)
  A giant cockroach (D:4)
  12 withered plants (D:4)
14 creatures vanquished.

Grand Total: 212 creatures vanquished

Notes
Turn   | Place    | Note
-------+----------+-------------------------------------------
     0 | D:1      | GenialerGandalf the Hill Orc Fighter began the quest for
                  | the Orb.
     0 | D:1      | Reached XP level 1. HP: 19/19 MP: 1/1
   340 | D:1      | Reached XP level 2. HP: 27/27 MP: 2/2
   588 | D:1      | Reached skill level 3 in Axes
   751 | D:1      | Reached XP level 3. HP: 33/33 MP: 3/3
  1265 | D:2      | Reached skill level 4 in Axes
  1265 | D:2      | Reached XP level 4. HP: 40/40 MP: 4/4
  1714 | D:2      | Found a hide-covered altar of Uskayaw.
  2270 | D:3      | Reached XP level 5. HP: 43/46 MP: 5/5
  2478 | D:3      | Reached skill level 5 in Axes
  2512 | D:3      | Noticed Grinder
  2549 | D:3      | Paralysed by Grinder for 5 turns
  2585 | D:3      | Paralysed by Grinder for 2 turns
  2599 | D:3      | Paralysed by Grinder for 2 turns
  2604 | D:3      | Killed Grinder
  2605 | D:3      | Reached skill level 6 in Axes
  2605 | D:3      | Reached skill level 1 in Dodging
  2605 | D:3      | Reached XP level 6. HP: 21/52 MP: 6/6
  2980 | D:4      | Noticed an ice beast
  2989 | D:4      | Killed an ice beast
  2990 | D:4      | Reached skill level 7 in Axes
  2990 | D:4      | Reached XP level 7. HP: 60/60 MP: 7/7
  3175 | D:4      | Reached skill level 5 in Shields
  3392 | D:4      | Reached skill level 8 in Axes
  3410 | D:4      | Found a shimmering blue altar of Sif Muna.
  3534 | D:4      | Became a worshipper of Beogh the Brigand
  3536 | D:4      | Found an ancient bone altar of Kikubaaqudgha.
  3591 | D:4      | Found Enue's Antique Weapon Emporium.
  3893 | D:5      | Entered Level 5 of the Dungeon
  3947 | D:5      | Noticed a yak
  3947 | D:5      | Noticed a yak
  3947 | D:5      | Noticed a yak
  3948 | D:5      | Noticed a yak
  3961 | D:5      | Noticed a yak
  3963 | D:5      | Noticed a yak
  3966 | D:5      | Killed a yak
  3967 | D:5      | Reached skill level 5 in Fighting
  3967 | D:5      | Reached XP level 8. HP: 31/68 MP: 8/8
  4103 | D:5      | Reached skill level 9 in Axes
  4126 | D:5      | Found a snail-covered altar of Cheibriados.
  4150 | D:5      | Got a scorched trident
  4427 | D:5      | Killed a yak
  4428 | D:5      | Reached skill level 5 in Armour
  4432 | D:5      | Killed a yak
  4433 | D:5      | Reached skill level 10 in Axes
  4439 | D:5      | Killed a yak
  4439 | D:5      | Reached * piety under Beogh
  4445 | D:5      | Killed a yak
  4446 | D:5      | Reached XP level 9. HP: 38/75 MP: 9/9
  4550 | D:5      | Identified Sycw's Almanac of the Volcanoes and Displacement
  4938 | D:6      | Found a runed translucent door.
  4944 | D:6      | Noticed Hank's ghost (novice MiCK)
  5008 | D:6      | Found a runed translucent door.
  5107 | D:6      | Noticed Pikel
  5135 | D:6      | Killed Pikel
  5136 | D:6      | Reached skill level 11 in Axes
  5195 | D:6      | Found a staircase to the Ecumenical Temple.
  5205 | Temple   | Entered the Ecumenical Temple
  5663 | D:6      | Found a stormy altar of Qazlal.
  5978 | D:7      | Found a white marble altar of Elyvilon.
  6175 | D:7      | Found a white marble altar of Elyvilon.
  6232 | D:7      | Found a large runed translucent door.
  6232 | D:7      | Found a large runed translucent door.
  6280 | D:7      | Noticed lasso's ghost (novice OpBr)
  6347 | D:7      | Reached ** piety under Beogh
  6366 | D:7      | Reached skill level 1 in Stealth
  7040 | D:8      | Reached skill level 12 in Axes
  7050 | D:8      | Reached XP level 10. HP: 62/90 MP: 10/10
  7153 | D:8      | Found a blossoming altar of Fedhas.
  7587 | D:8      | Identified the cursed +1 trident "Mimag" {vorpal, +Inv
                  | Will+ Int+4} (You found it on level 5 of the Dungeon)
  7633 | D:9      | Noticed a two-headed ogre
  7649 | D:9      | Noticed a death yak
  7771 | D:9      | Reached *** piety under Beogh
  7883 | D:9      | Noticed a death yak
  7886 | D:9      | Noticed a death yak
  7888 | D:9      | Noticed a death yak
  7889 | D:9      | Noticed a death yak
  7891 | D:9      | Noticed a death yak
  7900 | D:9      | Killed a death yak
  7901 | D:9      | Reached skill level 13 in Axes
  7914 | D:9      | Killed a death yak
  7959 | D:8      | Slain by a death yak

Illustrated notes

Levels and vault maps discovered:
D:1:      lemuel_arrival_hallway, layout_loops_corners
D:2:      layout_loops_ring, marbit_many_paths
D:3:      layout_basic, uniq_grinder
D:4:      layout_basic, lemuel_blue_sif_altar, kiku_gazebo_garden_becter,
          serial_shops, nicolae_shop_behind_doors, minmay_cut_off
D:5:      layout_basic, lemuel_round_altar
D:6:      layout_gridville, minmay_temple_entry_glass, ebering_ghost_sewer_f,
          grunt_qazlal_sundering, uniq_pikel
D:7:      layout_basic, general_overflow_altar, ebering_ghost_disaster_area,
          elyvilon_altar_1
D:8:      layout_rooms, nicolae_overflow_hidden_temple
D:9:      layout_roguey, makhleb_grotto_becter, kennysheep_little_box,
          lemuel_doored_altar, dpeg_lair_monsters, serial_shops,
          nicolae_shop_statue_plus, basic_altar, kennysheep_generic_room_3,
          uniq_psyche, uniq_joseph
Temple:   oiseaux_autumnal_temple

Skill      XL: |  1  2  3  4  5  6  7  8  9 10 |
---------------+-------------------------------+-----
Axes           | 3 4 6 7 8 10 12 13 | 13.4
Shields        | 4 5 6 7 |  7.8
Fighting       | 4 5 6 8 9 |  9.6
Armour         | 4 5 6 8 |  8.1
Dodging        | 1 |  1.9
Stealth        | 1 |  1.2

Action                   |  1- 3 |  4- 6 |  7- 9 | 10-12 || total
-------------------------+-------+-------+-------+-------++-------
Melee: War axe           |   100 |   138 |   308 |   122 ||   668
Invok: Convert to Beogh  |       |       |     1 |       ||     1
  Use: Scroll            |     3 |     4 |     4 |    10 ||    21
       Potion            |       |       |       |     1 ||     1
Armor: Chain mail        |    76 |    87 |    82 |       ||   245
       Scale mail        |     2 |       |       |       ||     2
       Plate armour      |       |       |    63 |    61 ||   124
Dodge: Dodged            |    26 |    32 |    51 |    25 ||   134
Block: Kite shield       |    56 |    86 |   131 |    72 ||   345
